 Dungeon Crawl Stone Soup version 0.29-a0-581-ge9a90b782e (webtiles) character file.

Game seed: 1732770205258723299

16284 KristoblXynda the Carver (level 12, -11/110 HPs)
             Began as a Pale Draconian Gladiator on June 14, 2022.
             Was an Initiate of Gozag.
             Mangled by a large slime creature (23 damage)
             ... on level 13 of the Dungeon.
             The game lasted 00:16:18 (17459 turns).

KristoblXynda the Carver (DrGl)                    Turns: 17459, Time: 00:16:18

Health: -11/110    AC: 11    Str: 24    XL:     12   Next: 8%
Magic:  12/12      EV: 16    Int: 14    God:    Gozag
Gold:   2381       SH:  5    Dex: 15    Spells: 11/11 levels left

rFire   + . .      SeeInvis .   C - +5 scimitar (flame)
rCold   . . .      Faith    .   l - +0 buckler
rNeg    + . .      Spirit   .   (body armour unavailable)
rPois   .          Reflect  .   b - +0 hat
rElec   .          Harm     .   p - +0 cloak
rCorr   +          Rampage  .   m - +0 pair of gloves
Will    +....                   r - +0 pair of boots
Stlth   +.........              t - macabre finger necklace {rN+}
HPRegen 0.28/turn               v - +6 ring of strength
MPRegen 0.13/turn               B - ring "Xixziloypo" {+Blink rF+ rCorr Int+4}
                                s - ring of willpower

@: short of breath, gold aura, flying
A: breathe steam, AC +8, unfitting armour, cold-blooded, steam resistance, big
wings
a: Breathe Steam, Renounce Religion, Evoke Blink, Potion Petition, Call
Merchant, Bribe Branch


You were on level 13 of the Dungeon.
You worshipped Gozag.
Gozag was most pleased with you.
You visited 2 branches of the dungeon, and saw 14 of its levels.
You also visited: Sewer.

You collected 2499 gold pieces.
You spent 66 gold pieces at shops.
You paid 52 gold pieces to Gozag.

Inventory:

Hand Weapons
 C - a +5 scimitar of flaming (weapon)
 E - a +2 scimitar of freezing
Missiles
 c - 3 throwing nets (quivered)
 d - a javelin
Armour
 b - a +0 hat (worn)
 l - a +0 buckler (worn)
 m - a +0 pair of gloves (worn)
 p - a +0 cloak (worn)
 r - a +0 pair of boots (worn)
Jewellery
 s - a ring of willpower (on amulet)
 t - the macabre finger necklace (around neck) {rN+}
   (You found it in a sewer)

   [amulet of nothing]

   It enables you to equip an extra ring.
   rN:        It protects you from negative energy.
 v - a +6 ring of strength (left hand)
 B - the ring "Xixziloypo" (right hand) {+Blink rF+ rCorr Int+4}
   (You acquired it on level 10 of the Dungeon)

   [ring of resist corrosion]

   Int:       It affects your intelligence (+4).
   rF:        It protects you from fire.
   +Blink:    It lets you blink.
   rCorr:     It protects you from acid and corrosion.
Wands
 o - a wand of paralysis (1)
 w - a wand of acid (7)
Scrolls
 h - 10 scrolls of teleportation
 j - 3 scrolls of immolation
 k - a scroll of silence
 q - a scroll of magic mapping
 u - a scroll of amnesia
 y - a scroll of enchant armour
 z - a scroll of brand weapon
 G - 2 scrolls of identify
 H - a scroll of summoning
Potions
 a - a potion of flight
 e - 3 potions of curing
 f - 3 potions of ambrosia
 g - 4 potions of mutation
 i - a potion of resistance
 n - 4 potions of cancellation
 A - 3 potions of lignification
 F - 4 potions of might


   Skills:
 + Level 11.1 Fighting
 + Level 13.6 Long Blades
 - Level 2.0 Throwing
 + Level 9.6 Dodging
 + Level 4.2 Shields


You had 11 spell levels left.
You didn't know any spells.
Your spell library contained the following spells:

 Spells                   Type           Power      Damage    Failure   Level
 Beastly Appendage        Tmut           0%         N/A       36%         1
 Blink                    Tloc           0%         N/A       50%         2
 Ensorcelled Hibernation  Hex/Ice        0%         N/A       50%         2
 Static Discharge         Conj/Air       0%         N/A       50%         2
 Sublimation of Blood     Necr           0%         N/A       50%         2
 Wereblood                Tmut           0%         N/A       50%         2
 Inner Flame              Hex/Fire       0%         N/A       73%         3
 Lesser Beckoning         Tloc           0%         N/A       73%         3
 Spider Form              Tmut/Pois      0%         N/A       73%         3
 Cause Fear               Hex            0%         N/A       98%         4
 Dispel Undead            Necr           0%         3d6       98%         4
 Fulminant Prism          Conj/Hex       0%         3d6       98%         4
 Iskenderun's Mystic Bla  Conj/Tloc      0%         2d3       98%         4
 Petrify                  Tmut/Erth      0%         N/A       98%         4
 Sticky Flame             Conj/Fire      0%         2d3       98%         4
 Summon Ice Beast         Ice/Summ       0%         N/A       98%         4
 Agony                    Necr           0%         N/A       100%        5
 Irradiate                Conj/Tmut      0%         3d13      100%        5
 Lee's Rapid Deconstruct  Erth           0%         3d5*      100%        5
 Manifold Assault         Tloc           0%         N/A       100%        5
 Summon Mana Viper        Hex/Summ       0%         N/A       100%        5
 Death Channel            Necr           0%         N/A       100%        6
 Monstrous Menagerie      Summ           0%         N/A       100%        7
 Ozocubu's Refrigeration  Ice            0%         4d5       100%        7
 Discord                  Hex            0%         N/A       100%        8
 Shatter                  Erth           0%         3d5*      100%        9
 Animate Armour           Summ/Erth      Unusable   N/A       N/A         4
 Corpse Rot               Necr/Pois/Air  Unusable   N/A       N/A         4

Dungeon Overview and Level Annotations

Branches:
Dungeon (13/15)            Temple (1/1) D:4            Lair (0/6) D:10
    Orc (0/2) D:11          Sewer (visited)
 Vaults: D:13-14

Altars:
Ashenzari
Cheibriados
Dithmenos
Elyvilon
Fedhas
Gozag
Hepliaklqana
Kikubaaqudgha
Makhleb
Nemelex Xobeh
Okawaru
Qazlal
Ru
Sif Muna
Trog
Uskayaw
Vehumet
Wu Jian
Xom
Yredelemnul
Zin
The Shining One

Shops:
D:4 ?!   D:6 (   D:12 (


Innate Abilities, Weirdness & Mutations

You can breathe blasts of scalding, opaque steam.
Your pale cyan-grey scales are hard. (AC +8)
You cannot fit into any form of body armour.
You are cold-blooded and may be slowed by cold attacks.
You are immune to the effects of steam.
Your large and strong wings let you fly.


Message History

You block the slime creature's attack.
The troll is engulfed in a cloud of scalding steam.
You kill the troll!
Two slime creatures merge to form a very large slime creature.
You slash the slime creature! You burn the slime creature!
The slime creature is heavily wounded.
The slime creature hits you!
You slash the slime creature! You burn the slime creature.
The slime creature is severely wounded.
Unknown command.
You slash the slime creature! You burn the slime creature.
You tail-slap the slime creature.
The slime creature is almost dead.
The slime creature misses you.
You slash the slime creature! You burn the slime creature.
You kill the slime creature!
The very large slime creature completely misses you.
You slash the very large slime creature!
You burn the very large slime creature.
The very large slime creature is lightly wounded.
The very large slime creature hits you!!
You completely miss the very large slime creature.
The very large slime creature is lightly wounded.
You slice the very large slime creature!!
You burn the very large slime creature.
You tail-slap the very large slime creature.
The very large slime creature is lightly wounded.
The very large slime creature hits you!!
You slash the very large slime creature!
You burn the very large slime creature.
You tail-slap the very large slime creature.
The very large slime creature is moderately wounded.
The very large slime creature hits you!!!
* * * LOW HITPOINT WARNING * * *
Okay, then.
You feel better.
A very large slime creature splits.
The large slime creature attacks as you move away!
The large slime creature hits you!!
You die...
Your body crumbles into a pile of gold.

$#......+....#
#......#....#
#.....J#....#
#......#....#
#[.....#....####
#......#.......#
#......'.......#
#......#JJ.....# .
#......#@......#
...########.......#
..................#
..................#
...######.........#
#.....#....#.........#
###.....#....#.........#
........#....#.........#
........#....#...#######


You could see a large slime creature and a slime creature.

Vanquished Creatures
  2 boulder beetles
  A hydra (D:11)
  4 two-headed ogres
  Nergalle (D:11)
  A deep elf pyromancer (D:12)
  A manticore (D:11)
  A cyclops (D:12)
  2 gargoyles (D:11)
  An efreet (D:8)
  A kobold demonologist (D:11)
  3 trolls
  A slime creature (D:13)
  2 hornets
  3 wraiths
  A vampire (D:11)
  10 yaks
  3 steam dragons
  3 vampire mosquitoes (D:11)
  5 water moccasins
  Duvessa (D:7)
  4 orc warriors
  A sky beast (D:7)
  2 ice beasts
  A black bear (D:10)
  2 centaurs
  2 phantoms
  5 kobold brigands
  5 bullfrogs
  A gnoll sergeant (D:11)
  3 scorpions
  13 wights
  Dowan (D:7)
  9 killer bees
  3 howler monkeys (D:12)
  An electric eel (D:9)
  8 orc priests
  Crazy Yiuf (D:2)
  4 hounds
  4 jellies
  15 orc wizards
  An iguana (D:5)
  A hell rat (Sewer)
  Terence (D:2)
  10 adders
  7 gnolls
  A river rat (Sewer)
  A shadow imp (D:7)
  2 white imps
  An ufetubus (D:4)
  2 dart slugs
  57 orcs
  4 bats
  11 endoplasms
  4 giant cockroaches
  7 goblins
  5 hobgoblins
  8 jackals
  27 kobolds
  6 quokkas
  12 ball pythons
  3 frilled lizards
  7 rats
310 creatures vanquished.

Vanquished Creatures (others)
  4 fungi (D:10)
  5 plants (D:10)
9 creatures vanquished.

Grand Total: 319 creatures vanquished

Notes
Turn   | Place    | Note
-------+----------+-------------------------------------------
     0 | D:1      | KristoblXynda the Draconian Gladiator began the quest for
                  | the Orb.
     0 | D:1      | Reached XP level 1. HP: 17/17 MP: 1/1
   504 | D:1      | Reached XP level 2. HP: 25/25 MP: 2/2
  1549 | D:2      | Reached XP level 3. HP: 30/30 MP: 3/3
  1895 | D:2      | Identified the +10 mace "Dragon's Tongue" {vorpal, rN+}
  1955 | D:2      | Reached XP level 4. HP: 25/38 MP: 4/4
  2323 | D:2      | Reached skill level 4 in Long Blades
  2372 | D:2      | Found a runed translucent door.
  2373 | D:2      | Noticed Crazy Yiuf
  2450 | D:2      | Noticed Terence
  2757 | D:2      | Killed Terence
  3478 | D:3      | Found a faded altar of an unknown god.
  4359 | D:4      | Reached XP level 5. HP: 44/45 MP: 5/5
  4611 | D:4      | Found Tocug's Magic Scroll Shop.
  4696 | D:4      | Found a broken altar of Ashenzari.
  4920 | D:4      | Bought a scroll of identify for 24 gold pieces
  4920 | D:4      | Bought a scroll of magic mapping for 42 gold pieces
  4923 | D:4      | Gained mutation: Your flesh is heat resistant. (rF+)
                  | [potion of mutation]
  5009 | D:4      | Found Utuedops's Distillery.
  5058 | D:4      | Reached skill level 5 in Long Blades
  5215 | D:4      | Identified the +7 falchion "Sassi" {vorpal, rN+ Will+ Str+3
                  | Int+2}
  5281 | D:4      | Noticed an orc warrior
  5287 | D:4      | Reached XP level 6. HP: 44/52 MP: 6/6
  5308 | D:4      | Killed an orc warrior
  5665 | D:4      | Found a staircase to the Ecumenical Temple.
  5677 | Temple   | Entered the Ecumenical Temple
  6041 | Temple   | Became a worshipper of Gozag Ym Sagoz the Greedy
  6182 | D:2      | Killed Crazy Yiuf
  6345 | D:5      | Entered Level 5 of the Dungeon
  6412 | D:5      | Noticed a water moccasin
  6426 | D:5      | Killed a water moccasin
  6427 | D:5      | Reached skill level 6 in Long Blades
  6427 | D:5      | Your scales start taking on a pale cyan-grey colour.
  6427 | D:5      | Reached XP level 7. HP: 43/60 MP: 7/7
  6427 | D:5      | Gained mutation: You are immune to the effects of steam.
                  | [Pale Draconian growth]
  6457 | D:5      | Noticed a troll
  6465 | D:5      | Killed a troll
  6466 | D:5      | Reached skill level 5 in Fighting
  6643 | D:5      | Reached skill level 7 in Long Blades
  6730 | D:5      | Reached skill level 5 in Dodging
  6730 | D:5      | Reached XP level 8. HP: 69/69 MP: 8/8
  7035 | D:5      | Got the Reference Book on Darkness and Snow
  7809 | D:6      | Reached skill level 8 in Long Blades
  7884 | D:6      | Found a glowing drain.
  7906 | Sewer    | Entered a sewer
  7989 | Sewer    | Found the macabre finger necklace {rN+}
  8584 | D:6      | Found Luebret's Weapon Shop.
  9021 | D:6      | Got the Tome of the Mountains
  9259 | D:7      | Reached XP level 9. HP: 63/78 MP: 9/9
  9358 | D:7      | Reached skill level 9 in Long Blades
  9528 | D:7      | Noticed Dowan
  9531 | D:7      | Noticed Duvessa
  9548 | D:7      | Killed Duvessa
  9568 | D:7      | Killed Dowan
  9870 | D:7      | Paralysed by a hornet for 1 turns
 10122 | D:7      | Identified the +5 battleaxe of Quqaanye {vorpal, SInv}
 10366 | D:7      | Reached skill level 10 in Long Blades
 10945 | D:8      | Noticed an efreet
 10955 | D:8      | Killed an efreet
 10956 | D:8      | Reached XP level 10. HP: 41/88 MP: 10/10
 11381 | D:8      | Paralysed by a hornet for 1 turns
 11813 | D:8      | Reached skill level 11 in Long Blades
 13359 | D:9      | Reached skill level 12 in Long Blades
 13745 | D:10     | Entered Level 10 of the Dungeon
 13836 | D:10     | Noticed a two-headed ogre
 13843 | D:10     | Killed a two-headed ogre
 13852 | D:10     | Identified a scroll of acquirement
 13854 | D:10     | Acquired the ring "Xixziloypo" {+Blink rF+ rCorr Int+4}
 13918 | D:10     | Found a staircase to the Lair.
 14203 | D:10     | Reached XP level 11. HP: 87/97 MP: 11/11
 14494 | D:10     | Lost mutation: Your flesh is heat resistant. (rF+) [potion
                  | of mutation]
 14494 | D:10     | Gained mutation: You tend to lose your temper in combat.
                  | [potion of mutation]
 14494 | D:10     | Gained mutation: You are frail. (-10% HP) [potion of
                  | mutation]
 14494 | D:10     | Gained mutation: You have a pair of small antennae on your
                  | head. [potion of mutation]
 14494 | D:10     | Gained mutation: Your tail ends in a venomous barb. [potion
                  | of mutation]
 14495 | D:10     | Lost mutation: Your tail ends in a venomous barb. [potion
                  | of mutation]
 14495 | D:10     | Lost mutation: You tend to lose your temper in combat.
                  | [potion of mutation]
 14495 | D:10     | Lost mutation: You have a pair of small antennae on your
                  | head. [potion of mutation]
 14495 | D:10     | Gained mutation: You passively map a small area around you.
                  | [potion of mutation]
 14495 | D:10     | Gained mutation: You have sharp fingernails. [potion of
                  | mutation]
 14496 | D:10     | Lost mutation: You have sharp fingernails. [potion of
                  | mutation]
 14496 | D:10     | Lost mutation: You passively map a small area around you.
                  | [potion of mutation]
 14496 | D:10     | Lost mutation: You are frail. (-10% HP) [potion of
                  | mutation]
 14496 | D:10     | Gained mutation: Your large and strong wings let you fly.
                  | [potion of mutation]
 14551 | D:11     | Noticed Nergalle
 14569 | D:11     | Killed Nergalle
 15246 | D:11     | Reached skill level 10 in Fighting
 15336 | D:11     | Found a staircase to the Orcish Mines.
 15444 | D:11     | Reached skill level 13 in Long Blades
 15444 | D:11     | Reached skill level 1 in Shields
 15913 | D:11     | Noticed an eight-headed hydra
 15921 | D:11     | Killed a four-headed hydra
 16160 | D:11     | Noticed a two-headed ogre
 16168 | D:11     | Killed a two-headed ogre
 16254 | D:11     | Found an ornate altar of the Wu Jian Council.
 16432 | D:12     | Noticed a two-headed ogre
 16444 | D:12     | Killed a two-headed ogre
 16683 | D:12     | Noticed a boulder beetle
 16696 | D:12     | Killed a boulder beetle
 16729 | D:12     | Noticed a two-headed ogre
 16732 | D:12     | Noticed a deep elf pyromancer
 16739 | D:12     | Killed a two-headed ogre
 16749 | D:12     | Killed a deep elf pyromancer
 17127 | D:12     | Found Sirorghom's Weapon Shop.
 17265 | D:13     | Noticed a boulder beetle
 17289 | D:13     | Killed a boulder beetle
 17290 | D:13     | Reached XP level 12. HP: 72/110 MP: 12/12
 17459 | D:13     | Mangled by a large slime creature

Illustrated notes

Levels and vault maps discovered:
D:1:      denvon_arrival_waterhouse, layout_basic, serial_forest,
          infiniplex_forest_clump_diagonal, infiniplex_forest_straight_4,
          infiniplex_forest_clump_medium, infiniplex_forest_lined_4_way,
          infiniplex_forest_end_1, infiniplex_forest_end_2,
          infiniplex_forest_corner_1, infiniplex_forest_zigzag_2,
          hangedman_feature_mirror, minmay_distorted
D:2:      layout_basic, hangedman_abyss_or_decor_lesser_grid, minivault_27,
          uniq_crazy_yiuf_cottage, uniq_terence
D:3:      layout_basic, ebering_ecumenical_altar_mist, minmay_pentomino_pile
D:4:      layout_basic, cheibrodos_ashenzari_chains, minmay_temple_entry_trees,
          serial_shops, shop_statue, nicolae_inconvenience_store,
          guppyfry_early_orc_mine
D:5:      layout_layer_cave, corexii_item_surrounded_by_moat
D:6:      layout_loops_corners, gup_sewer_entry_glass, serial_shops,
          nicolae_lakefront_shop
D:7:      layout_basic, serial_corexii_hall, corexii_hall_statues_t,
          chequers_hall_statues_corner_a, grunt_decor_resistance,
          hangedman_decor_growths, patterned_corridor, uniq_duvessa
D:8:      layout_gridville
D:9:      layout_basic
D:10:     layout_loops_ring, grunt_lair_entry_orc_guard_hut, grunt_ministairs_10
D:11:     layout_cross, hiddenorc2_lemuel, pdpol_wu_jian_five_deadly_venoms,
          uniq_nergalle
D:12:     layout_cave_pools, serial_shops, kennysheep_mini_moat
D:13:     layout_irregular_city, minivault_28, uniq_azrael
Temple:   mainiacjoe_temple_trianglar_array

Skill      XL: |  1  2  3  4  5  6  7  8  9 10 11 |
---------------+----------------------------------+-----
Throwing       | 2 |  2.0
Dodging        | 3 4 5 6 7 8 9 |  9.6
Fighting       | 3 4 5 6 8 9 11 | 11.1
Long Blades    | 4 5 6 7 8 10 12 13 | 13.6
Shields        | 4 |  4.2

Action                   |  1- 3 |  4- 6 |  7- 9 | 10-12 || total
-------------------------+-------+-------+-------+-------++-------
Melee: Long sword        |   125 |   147 |       |       ||   272
       Tailslap          |    12 |    22 |    38 |    55 ||   127
       Punch             |     2 |     1 |       |     5 ||     8
       Falchion          |       |    42 |   263 |    13 ||   318
       Scimitar          |       |       |       |   291 ||   291
Throw: Javelin           |       |     2 |       |       ||     2
       Throwing net      |       |     2 |       |       ||     2
 Abil: Breathe Steam     |       |       |    10 |    27 ||    37
Evoke: Wand              |       |       |       |     4 ||     4
  Use: Scroll            |       |     7 |     7 |    15 ||    29
       Potion            |       |     1 |       |     6 ||     7
 Stab: Sleeping          |     1 |     2 |       |     1 ||     4
       Distracted        |       |     1 |     1 |     1 ||     3
       Paralysed         |       |       |       |     7 ||     7
Armor: Skin              |    52 |    43 |    76 |    69 ||   240
Dodge: Dodged            |   103 |   140 |   148 |   192 ||   583
Block: Buckler           |       |       |       |    17 ||    17

Table legend: (Time is in decaauts)
 A = Elapsed time spent in this place.
 B = Non-inter-level travel time spent in this place.
 C = Inter-level travel time spent in this place.
 D = Time resting spent in this place.
 E = Time spent auto-exploring this place.
 F = Levels seen in this place.
 G = Mean time per level.
                   A        B        C        D        E       F      G
               +--------+--------+--------+--------+--------+-----+--------+
         Total |  17451 |  17030 |    421 |   3840 |  10774 |  15 | 1163.4 |
       Dungeon |  16915 |  16549 |    366 |   3840 |  10360 |  13 | 1301.2 |
        Temple |    394 |    339 |     55 |      0 |    336 |   1 |  394.0 |
         Sewer |    141 |    141 |      0 |      0 |     77 |   1 |  141.0 |
               +--------+--------+--------+--------+--------+-----+--------+

Top non-repeatable levels by time:
     D:2: 1861 daAuts
     D:7: 1851 daAuts
    D:11: 1773 daAuts
     D:8: 1701 daAuts
     D:1: 1520 daAuts
     D:5: 1426 daAuts
     D:4: 1408 daAuts
     D:3: 1223 daAuts
     D:6: 1166 daAuts
     D:9: 1084 daAuts
    D:12: 814 daAuts
    D:10: 796 daAuts
  Temple: 394 daAuts
    D:13: 287 daAuts
   Sewer: 141 daAuts
